[ AOE2 MATCH · #484098751 ]
UnrankedVietnamese vs Burgundians
[ REPLAY ANALYSIS · EXTRACTED FROM THE RECORDED GAME ]
Feudal
12:19
Castle
23:11
Imperial
—
| APM avg | 44.9 |
| APM peak | 76 |
| eAPM avg | 23.1 |
| Villagers / military | 111 / 49 |
Focus
⚔️ 32.3% · 🌾 67.7%
Galley ×28 · Rattan Archer ×10 · Fire Galley ×9 · Fishing Ship ×6 · Monk ×2
Feudal
13:06
Castle
16:49
Imperial
—
| APM avg | 73.1 |
| APM peak | 120 |
| eAPM avg | 32.6 |
| Villagers / military | 119 / 64 |
Focus
⚔️ 44.5% · 🌾 55.5%
Plumed Archer ×50 · Fishing Ship ×12 · Eagle Scout ×6 · Mangonel ×4 · Monk ×2 · Battering Ram ×2
Feudal
12:03
Castle
23:09
Imperial
—
| APM avg | 66.5 |
| APM peak | 106 |
| eAPM avg | 35.9 |
| Villagers / military | 113 / 72 |
Focus
⚔️ 35.6% · 🌾 64.4%
Spearman ×52 · Scout Cavalry ×16 · Fishing Ship ×5 · Monk ×2 · Steppe Lancer ×1 · Cavalry Archer ×1
Feudal
14:35
Castle
18:30
Imperial
—
| APM avg | 54.0 |
| APM peak | 85 |
| eAPM avg | 31.4 |
| Villagers / military | 153 / 56 |
Focus
⚔️ 39.9% · 🌾 60.1%
Coustillier ×54 · Fishing Ship ×11 · Monk ×2
Feudal
13:28
Castle
16:58
Imperial
—
| APM avg | 37.8 |
| APM peak | 74 |
| eAPM avg | 23.3 |
| Villagers / military | 137 / 67 |
Focus
⚔️ 32.1% · 🌾 67.9%
Kona ×65 · Fishing Ship ×6 · Spearman ×2
Feudal
12:36
Castle
26:46
Imperial
—
| APM avg | 68.5 |
| APM peak | 102 |
| eAPM avg | 28.2 |
| Villagers / military | 91 / 42 |
Focus
⚔️ 34.8% · 🌾 65.2%
Composite Bowman ×26 · Galley ×14 · Fishing Ship ×7 · Trade Cart ×2 · Monk ×1 · Fire Galley ×1
Feudal
13:25
Castle
17:01
Imperial
—
| APM avg | 59.5 |
| APM peak | 88 |
| eAPM avg | 31.7 |
| Villagers / military | 70 / 24 |
Focus
⚔️ 40.5% · 🌾 59.5%
Monk ×19 · Fishing Ship ×6 · Mangonel ×5
Feudal
12:18
Castle
29:31
Imperial
—
| APM avg | 43.9 |
| APM peak | 74 |
| eAPM avg | 25.5 |
| Villagers / military | 78 / 59 |
Focus
⚔️ 42.6% · 🌾 57.4%
Spearman ×34 · Scout Cavalry ×24 · Fishing Ship ×7 · Demolition Raft ×1
Match map
Initial resources + every placement click. Lines = walls · curves = elevation contours. ◆ gold · ⬟ stone · ● berries · ✦ relic · ◌ wall gap
Your base· Open — unwalled flank
Oni.FreakinAndy's base· Open — unwalled flank
Oni.TaToH's base· Open — unwalled flank
Oni.dogao's base· Open — unwalled flank
Oni.DauT's base· Open — unwalled flank
Oni.Kingstone's base· Open — unwalled flank
Oni.Lewis's base· Open — unwalled flank
Oni.miguel's base· Open — unwalled flank
Smoothed initial terrain · ◌ = detected wall gap · hover for details
Inputs per minute
— Oni.GoKu - - Oni.FreakinAndy
Build order — Oni.GoKu
First 150 of 271 actions detected
| 1:04 | Build | Town Center |
| 1:23 | Build | Dock |
| 1:34 | Build | House |
| 2:59 | Create | Villager (Male) |
| 3:00 | Create | Villager (Male) |
| 3:00 | Create | Villager (Male) |
| 3:00 | Create | Villager (Male) |
| 4:04 | Create | Fishing Ship |
| 4:37 | Create | Villager (Male) |
| 4:37 | Create | Villager (Male) |
| 4:48 | Build | House |
| 5:04 | Create | Villager (Male) |
| 5:30 | Create | Villager (Male) |
| 5:30 | Create | Villager (Male) |
| 5:58 | Create | Villager (Male) |
| 6:05 | Create | Fishing Ship |
| 6:09 | Build | House |
| 6:29 | Create | Villager (Male) |
| 6:30 | Create | Villager (Male) |
| 6:50 | Create | Villager (Male) |
| 6:50 | Create | Villager (Male) |
| 7:00 | Create | Fishing Ship |
| 7:20 | Create | Villager (Male) |
| 7:30 | Create | Villager (Male) |
| 7:37 | Build | House |
| 7:45 | Create | Fishing Ship |
| 7:59 | Create | Villager (Male) |
| 8:26 | Build | Lumber Camp |
| 8:27 | Create | Villager (Male) |
| 9:01 | Create | Villager (Male) |
| 9:06 | Build | House |
| 9:20 | Create | Villager (Male) |
| 9:22 | Create | Fishing Ship |
| 9:22 | Create | Fishing Ship |
| 10:09 | Research | Feudal Age |
| 10:44 | Build | Dock |
| 11:01 | Build | Mining Camp |
| 11:34 | Build | Dock |
| 11:45 | Build | House |
| 12:00 | Create | Villager (Male) |
| 12:13 | Create | Villager (Male) |
| 12:19 | Age | Feudal Age |
| 12:22 | Create | Galley |
| 12:22 | Create | Galley |
| 12:22 | Create | Galley |
| 12:24 | Create | Villager (Male) |
| 12:26 | Research | Double-Bit Axe |
| 12:34 | Build | House |
| 12:47 | Create | Galley |
| 13:00 | Create | Galley |
| 13:01 | Create | Galley |
| 13:10 | Create | Villager (Male) |
| 13:12 | Create | Galley |
| 13:39 | Create | Villager (Male) |
| 13:43 | Create | Galley |
| 13:44 | Create | Galley |
| 13:44 | Create | Galley |
| 14:03 | Create | Galley |
| 14:16 | Create | Villager (Male) |
| 14:29 | Research | Loom |
| 14:33 | Create | Galley |
| 14:34 | Create | Galley |
| 14:39 | Create | Villager (Male) |
| 14:40 | Build | House |
| 14:43 | Build | House |
| 14:45 | Build | House |
| 15:08 | Create | Villager (Male) |
| 15:22 | Create | Galley |
| 15:22 | Create | Galley |
| 15:50 | Create | Villager (Male) |
| 15:52 | Build | Blacksmith |
| 15:57 | Create | Galley |
| 15:57 | Create | Galley |
| 16:09 | Create | Galley |
| 16:23 | Create | Villager (Male) |
| 16:26 | Build | Mill |
| 16:49 | Build | Mill |
| 16:59 | Research | Fletching |
| 16:59 | Research | Fletching |
| 17:01 | Create | Villager (Male) |
| 17:50 | Create | Villager (Male) |
| 17:51 | Create | Villager (Male) |
| 17:53 | Build | Lumber Camp |
| 18:10 | Create | Galley |
| 18:11 | Create | Galley |
| 18:40 | Create | Villager (Male) |
| 18:42 | Build | House |
| 18:44 | Build | Market |
| 18:52 | Create | Galley |
| 18:52 | Create | Galley |
| 19:12 | Create | Villager (Male) |
| 19:12 | Create | Villager (Male) |
| 19:26 | Create | Fire Galley |
| 19:37 | Create | Villager (Male) |
| 20:31 | Research | Castle Age |
| 20:38 | Create | Galley |
| 20:38 | Create | Galley |
| 20:39 | Create | Galley |
| 21:19 | Create | Fire Galley |
| 21:19 | Create | Fire Galley |
| 21:38 | Create | Fire Galley |
| 22:34 | Create | Villager (Male) |
| 22:35 | Create | Fire Galley |
| 23:09 | Create | Villager (Male) |
| 23:11 | Age | Castle Age |
| 23:14 | Build | Town Center |
| 23:17 | Build | Town Center |
| 23:19 | Research | War Galley (upgrade) |
| 23:19 | Research | War Galley (upgrade) |
| 23:23 | Create | Fire Galley |
| 23:23 | Create | Fire Galley |
| 23:38 | Research | Bow Saw |
| 23:39 | Research | Horse Collar |
| 23:40 | Research | Horse Collar |
| 23:40 | Research | Gold Mining |
| 23:40 | Research | Gold Mining |
| 23:53 | Research | Bodkin Arrow |
| 23:53 | Research | Bodkin Arrow |
| 24:01 | Create | Villager (Male) |
| 24:05 | Build | Lumber Camp |
| 24:22 | Create | Villager (Male) |
| 24:33 | Create | Fire Galley |
| 24:33 | Create | Fire Galley |
| 24:56 | Create | Villager (Male) |
| 25:00 | Create | Villager (Male) |
| 25:00 | Create | Villager (Male) |
| 25:02 | Build | Monastery |
| 25:05 | Build | House |
| 25:10 | Build | Palisade Wall |
| 25:12 | Build | House |
| 25:18 | Build | House |
| 25:20 | Create | Villager (Male) |
| 25:21 | Create | Villager (Male) |
| 25:39 | Create | Villager (Male) |
| 25:40 | Create | Villager (Male) |
| 25:51 | Create | Villager (Male) |
| 25:52 | Create | Villager (Male) |
| 25:54 | Build | Farm |
| 25:56 | Build | Farm |
| 25:57 | Build | Farm |
| 26:00 | Build | Farm |
| 26:02 | Create | Monk |
| 26:05 | Create | Villager (Male) |
| 26:10 | Build | Mining Camp |
| 26:11 | Create | Villager (Male) |
| 26:15 | Build | House |
| 26:23 | Create | Villager (Male) |
| 26:28 | Build | Farm |
| 26:29 | Build | Farm |
| 26:30 | Build | Farm |
Build order — Oni.FreakinAndy
First 150 of 258 actions detected
| 1:09 | Build | Town Center |
| 2:20 | Build | House |
| 2:48 | Create | Villager (Male) |
| 2:49 | Create | Villager (Male) |
| 2:49 | Create | Villager (Male) |
| 3:11 | Build | Dock |
| 3:16 | Build | Palisade Wall |
| 3:44 | Build | House |
| 4:03 | Create | Fishing Ship |
| 4:03 | Create | Fishing Ship |
| 4:06 | Research | Loom |
| 4:27 | Create | Villager (Male) |
| 5:00 | Create | Villager (Male) |
| 5:00 | Create | Villager (Male) |
| 5:30 | Create | Villager (Male) |
| 5:31 | Create | Villager (Male) |
| 5:32 | Create | Fishing Ship |
| 5:32 | Create | Fishing Ship |
| 5:54 | Create | Villager (Male) |
| 5:54 | Create | Villager (Male) |
| 6:06 | Build | House |
| 6:13 | Create | Villager (Male) |
| 6:33 | Create | Fishing Ship |
| 6:33 | Create | Fishing Ship |
| 6:45 | Create | Villager (Male) |
| 6:46 | Create | Villager (Male) |
| 7:03 | Create | Villager (Male) |
| 7:03 | Create | Villager (Male) |
| 7:24 | Build | House |
| 7:28 | Create | Villager (Male) |
| 7:29 | Create | Villager (Male) |
| 7:40 | Create | Fishing Ship |
| 7:40 | Create | Fishing Ship |
| 8:01 | Create | Villager (Male) |
| 8:01 | Create | Villager (Male) |
| 8:10 | Create | Villager (Male) |
| 8:18 | Create | Fishing Ship |
| 8:18 | Create | Fishing Ship |
| 8:38 | Create | Villager (Male) |
| 8:46 | Build | House |
| 9:14 | Create | Fishing Ship |
| 9:14 | Create | Fishing Ship |
| 9:16 | Create | Villager (Male) |
| 9:41 | Create | Villager (Male) |
| 10:06 | Build | Mining Camp |
| 10:11 | Build | House |
| 10:23 | Create | Villager (Male) |
| 10:53 | Research | Feudal Age |
| 11:29 | Build | Mill |
| 11:46 | Create | Villager (Male) |
| 12:22 | Create | Villager (Male) |
| 13:06 | Age | Feudal Age |
| 13:11 | Build | Market |
| 13:13 | Build | Blacksmith |
| 13:16 | Build | Outpost |
| 13:43 | Build | Outpost |
| 14:09 | Research | Castle Age |
| 14:14 | Build | Outpost |
| 14:39 | Build | Barracks |
| 15:22 | Build | House |
| 15:29 | Build | Stone Wall |
| 15:32 | Create | Eagle Scout |
| 15:34 | Build | Stone Wall |
| 15:38 | Build | House |
| 15:47 | Create | Eagle Scout |
| 15:59 | Build | Lumber Camp |
| 16:02 | Create | Villager (Male) |
| 16:32 | Create | Eagle Scout |
| 16:44 | Build | Outpost |
| 16:49 | Age | Castle Age |
| 16:52 | Build | Castle |
| 16:58 | Create | Villager (Male) |
| 17:15 | Create | Villager (Male) |
| 17:20 | Research | Fletching |
| 17:20 | Research | Fletching |
| 17:29 | Create | Villager (Male) |
| 17:29 | Create | Villager (Male) |
| 17:46 | Create | Eagle Scout |
| 17:53 | Create | Plumed Archer |
| 17:53 | Create | Plumed Archer |
| 18:07 | Create | Villager (Male) |
| 18:25 | Create | Plumed Archer |
| 18:26 | Create | Villager (Male) |
| 18:37 | Research | Double-Bit Axe |
| 18:43 | Create | Villager (Male) |
| 18:43 | Create | Villager (Male) |
| 18:56 | Create | Villager (Male) |
| 19:15 | Research | Padded Archer Armor |
| 19:22 | Research | Bodkin Arrow |
| 19:23 | Research | Bodkin Arrow |
| 19:29 | Create | Plumed Archer |
| 19:37 | Create | Villager (Male) |
| 19:38 | Create | Villager (Male) |
| 19:41 | Create | Plumed Archer |
| 19:41 | Create | Plumed Archer |
| 19:56 | Create | Plumed Archer |
| 19:57 | Create | Villager (Male) |
| 20:00 | Build | Siege Workshop |
| 20:22 | Create | Villager (Male) |
| 20:47 | Create | Plumed Archer |
| 20:47 | Create | Plumed Archer |
| 20:48 | Create | Villager (Male) |
| 20:57 | Research | Bow Saw |
| 21:07 | Create | Plumed Archer |
| 21:08 | Create | Plumed Archer |
| 21:11 | Create | Villager (Male) |
| 21:11 | Create | Villager (Male) |
| 21:21 | Create | Villager (Male) |
| 21:39 | Create | Plumed Archer |
| 21:50 | Create | Villager (Male) |
| 21:54 | Create | Villager (Male) |
| 21:58 | Create | Villager (Male) |
| 22:24 | Create | Villager (Male) |
| 22:27 | Build | Town Center |
| 22:42 | Create | Mangonel |
| 22:42 | Create | Mangonel |
| 22:57 | Research | Gold Mining |
| 22:58 | Research | Gold Mining |
| 23:11 | Create | Plumed Archer |
| 23:28 | Create | Villager (Male) |
| 23:29 | Create | Villager (Male) |
| 23:30 | Create | Plumed Archer |
| 23:43 | Create | Villager (Male) |
| 23:43 | Create | Villager (Male) |
| 24:18 | Create | Villager (Male) |
| 24:19 | Create | Villager (Male) |
| 24:25 | Build | Town Center |
| 24:34 | Create | Villager (Male) |
| 24:39 | Create | Plumed Archer |
| 24:39 | Create | Plumed Archer |
| 24:40 | Create | Villager (Male) |
| 24:50 | Create | Plumed Archer |
| 24:51 | Create | Plumed Archer |
| 24:55 | Create | Villager (Male) |
| 24:55 | Create | Villager (Male) |
| 25:02 | Create | Villager (Male) |
| 25:24 | Create | Villager (Male) |
| 25:25 | Build | University |
| 25:37 | Create | Villager (Male) |
| 25:37 | Create | Villager (Male) |
| 25:43 | Research | Wheelbarrow |
| 25:43 | Research | Wheelbarrow |
| 25:55 | Create | Villager (Male) |
| 25:55 | Create | Villager (Male) |
| 26:01 | Build | Town Center |
| 26:13 | Create | Plumed Archer |
| 26:14 | Create | Villager (Male) |
| 26:36 | Create | Plumed Archer |
| 26:43 | Create | Villager (Male) |
| 26:43 | Create | Villager (Male) |
Build order — Oni.TaToH
First 150 of 276 actions detected
| 0:43 | Build | Dock |
| 1:12 | Build | Town Center |
| 1:23 | Build | House |
| 3:06 | Create | Villager (Male) ×4 |
| 3:06 | Create | Villager (Male) ×4 |
| 4:06 | Create | Fishing Ship |
| 4:29 | Build | House |
| 4:31 | Create | Villager (Male) |
| 5:15 | Create | Villager (Male) |
| 5:15 | Create | Villager (Male) |
| 5:33 | Create | Fishing Ship |
| 5:40 | Create | Villager (Male) |
| 5:54 | Build | House |
| 5:57 | Create | Villager (Male) |
| 6:22 | Create | Villager (Male) |
| 6:39 | Create | Villager (Male) |
| 6:44 | Create | Fishing Ship |
| 6:59 | Create | Villager (Male) |
| 6:59 | Create | Villager (Male) |
| 7:15 | Create | Villager (Male) |
| 7:30 | Build | House |
| 7:44 | Create | Fishing Ship |
| 7:45 | Create | Villager (Male) |
| 8:14 | Create | Villager (Male) |
| 8:28 | Build | Mill |
| 8:38 | Create | Villager (Male) |
| 9:18 | Research | Loom |
| 9:20 | Create | Fishing Ship |
| 9:53 | Research | Feudal Age |
| 9:53 | Research | Feudal Age |
| 10:25 | Build | House |
| 10:50 | Build | Barracks |
| 11:23 | Create | Villager (Male) |
| 12:03 | Age | Feudal Age |
| 12:04 | Build | Stable |
| 12:06 | Create | Villager (Male) |
| 12:22 | Build | Lumber Camp |
| 12:30 | Create | Villager (Male) |
| 12:32 | Build | House |
| 12:38 | Create | Spearman |
| 12:49 | Create | Villager (Male) |
| 12:54 | Build | House |
| 12:57 | Create | Scout Cavalry |
| 13:05 | Create | Scout Cavalry |
| 13:07 | Create | Villager (Male) |
| 13:20 | Build | Blacksmith |
| 13:31 | Create | Scout Cavalry |
| 13:35 | Create | Villager (Male) |
| 13:56 | Create | Scout Cavalry |
| 13:57 | Create | Villager (Male) |
| 14:04 | Build | House |
| 14:05 | Build | House |
| 14:11 | Research | Forging |
| 14:11 | Research | Forging |
| 14:24 | Create | Scout Cavalry |
| 14:31 | Create | Spearman |
| 14:32 | Create | Villager (Male) |
| 14:40 | Build | House |
| 14:53 | Create | Villager (Male) |
| 14:55 | Research | Scale Barding Armor |
| 15:05 | Create | Spearman |
| 15:09 | Build | House |
| 15:10 | Create | Villager (Male) |
| 15:15 | Build | Mill |
| 15:19 | Create | Spearman |
| 15:19 | Create | Spearman |
| 15:34 | Create | Scout Cavalry |
| 15:41 | Create | Spearman |
| 15:52 | Create | Villager (Male) |
| 15:53 | Build | House |
| 16:05 | Create | Villager (Male) |
| 16:06 | Build | House |
| 16:09 | Create | Villager (Male) |
| 16:19 | Create | Spearman |
| 16:21 | Create | Villager (Male) |
| 16:33 | Create | Spearman |
| 16:35 | Create | Villager (Male) |
| 16:36 | Build | House |
| 16:42 | Build | Mill |
| 16:45 | Create | Scout Cavalry |
| 17:00 | Create | Spearman |
| 17:10 | Build | House |
| 17:21 | Create | Villager (Male) |
| 17:33 | Create | Villager (Male) |
| 17:34 | Create | Spearman |
| 17:35 | Create | Spearman |
| 17:39 | Research | Scale Mail Armor |
| 17:40 | Research | Arson |
| 17:41 | Create | Villager (Male) |
| 17:45 | Build | House |
| 17:53 | Create | Villager (Male) |
| 18:05 | Create | Spearman |
| 18:10 | Create | Scout Cavalry |
| 18:22 | Build | House |
| 18:35 | Create | Spearman |
| 18:37 | Create | Villager (Male) |
| 18:40 | Build | Pasture |
| 18:50 | Create | Spearman |
| 18:57 | Create | Scout Cavalry |
| 18:57 | Create | Villager (Male) |
| 18:59 | Build | House |
| 19:31 | Create | Villager (Male) |
| 19:32 | Build | House |
| 19:40 | Build | Market |
| 19:59 | Create | Scout Cavalry |
| 20:17 | Create | Scout Cavalry |
| 20:29 | Research | Castle Age |
| 20:40 | Create | Scout Cavalry |
| 20:50 | Build | Palisade Wall |
| 20:52 | Build | Palisade Wall |
| 20:54 | Build | Palisade Wall |
| 20:54 | Build | Palisade Wall |
| 20:59 | Create | Scout Cavalry |
| 21:05 | Create | Spearman |
| 21:18 | Create | Spearman |
| 21:25 | Research | Double-Bit Axe |
| 21:25 | Research | Double-Bit Axe |
| 21:42 | Build | Mill |
| 21:53 | Create | Spearman |
| 22:02 | Research | Fletching |
| 22:35 | Create | Villager (Male) |
| 23:00 | Create | Scout Cavalry |
| 23:00 | Create | Scout Cavalry |
| 23:04 | Build | Mill |
| 23:09 | Age | Castle Age |
| 23:10 | Create | Spearman |
| 23:10 | Create | Spearman |
| 23:11 | Create | Villager (Male) |
| 23:12 | Research | Bow Saw |
| 23:15 | Build | Town Center |
| 23:29 | Research | Pikeman (upgrade) |
| 23:31 | Research | Town Watch |
| 23:36 | Build | Monastery |
| 24:03 | Create | Villager (Male) |
| 24:07 | Create | Monk |
| 24:23 | Create | Villager (Male) |
| 24:37 | Create | Villager (Male) |
| 24:38 | Create | Villager (Male) |
| 24:46 | Create | Spearman |
| 24:50 | Create | Villager (Male) |
| 24:53 | Create | Villager (Male) |
| 25:10 | Create | Spearman |
| 25:13 | Create | Villager (Male) |
| 25:19 | Build | Town Center |
| 25:28 | Research | Squires |
| 25:39 | Create | Villager (Male) |
| 25:50 | Research | Husbandry |
| 25:50 | Research | Husbandry |
| 25:53 | Build | Pasture |
| 25:54 | Build | Pasture |
Build order — Oni.dogao
First 150 of 366 actions detected
| 0:53 | Build | Town Center |
| 1:02 | Build | Dock |
| 1:51 | Build | House |
| 2:06 | Build | House |
| 2:46 | Create | Villager (Male) ×4 |
| 2:46 | Create | Villager (Male) ×4 |
| 4:00 | Create | Fishing Ship |
| 4:01 | Create | Fishing Ship |
| 4:04 | Create | Villager (Male) |
| 4:04 | Create | Villager (Male) |
| 4:19 | Build | House |
| 4:54 | Research | Loom |
| 4:54 | Research | Loom |
| 4:55 | Research | Loom |
| 5:09 | Create | Villager (Male) |
| 5:10 | Create | Villager (Male) |
| 5:26 | Create | Fishing Ship |
| 5:26 | Create | Fishing Ship |
| 5:31 | Create | Villager (Male) |
| 5:31 | Create | Villager (Male) |
| 6:02 | Create | Villager (Male) |
| 6:02 | Create | Villager (Male) |
| 6:14 | Build | House |
| 6:23 | Create | Villager (Male) |
| 6:23 | Create | Villager (Male) |
| 6:39 | Create | Fishing Ship |
| 6:39 | Create | Fishing Ship |
| 6:45 | Create | Villager (Male) |
| 6:46 | Create | Villager (Male) |
| 7:03 | Create | Villager (Male) |
| 7:03 | Create | Villager (Male) |
| 7:04 | Create | Villager (Male) |
| 7:24 | Create | Fishing Ship |
| 7:24 | Create | Fishing Ship |
| 7:25 | Create | Villager (Male) |
| 7:25 | Create | Villager (Male) |
| 7:35 | Build | House |
| 7:38 | Create | Villager (Male) |
| 7:38 | Create | Villager (Male) |
| 8:09 | Create | Villager (Male) |
| 8:10 | Create | Villager (Male) |
| 8:15 | Create | Fishing Ship |
| 8:15 | Create | Fishing Ship |
| 8:59 | Build | House |
| 9:00 | Create | Villager (Male) |
| 9:04 | Create | Fishing Ship |
| 9:21 | Create | Villager (Male) |
| 9:46 | Create | Villager (Male) |
| 9:57 | Build | House |
| 10:03 | Build | Mill |
| 10:04 | Create | Villager (Male) |
| 10:36 | Create | Villager (Male) |
| 10:50 | Build | House |
| 10:50 | Build | Palisade Wall |
| 10:59 | Build | Palisade Wall |
| 11:00 | Build | Palisade Wall |
| 11:08 | Create | Villager (Male) |
| 11:33 | Create | Villager (Male) |
| 11:41 | Build | Mining Camp |
| 11:57 | Create | Villager (Male) |
| 12:08 | Build | Palisade Wall |
| 12:12 | Build | Palisade Wall |
| 12:15 | Research | Feudal Age |
| 12:15 | Research | Feudal Age |
| 12:35 | Build | Palisade Wall |
| 12:36 | Build | Palisade Wall |
| 12:48 | Build | Lumber Camp |
| 12:51 | Build | Lumber Camp |
| 13:16 | Build | Mining Camp |
| 13:35 | Research | Double-Bit Axe |
| 13:35 | Research | Double-Bit Axe |
| 13:36 | Research | Double-Bit Axe |
| 13:36 | Create | Villager (Male) |
| 13:37 | Create | Villager (Male) |
| 14:35 | Age | Feudal Age |
| 14:48 | Build | Market |
| 14:51 | Build | Blacksmith |
| 14:55 | Build | Palisade Wall |
| 14:55 | Build | Palisade Wall |
| 15:02 | Build | Palisade Wall |
| 15:02 | Build | Palisade Wall |
| 15:05 | Build | Palisade Wall |
| 15:11 | Create | Villager (Male) |
| 15:34 | Build | Palisade Wall |
| 15:35 | Build | Palisade Wall |
| 15:36 | Build | Palisade Wall |
| 15:49 | Research | Castle Age |
| 15:50 | Research | Castle Age |
| 16:21 | Research | Gold Mining |
| 16:21 | Research | Gold Mining |
| 16:23 | Research | Bow Saw |
| 16:23 | Research | Bow Saw |
| 16:54 | Create | Villager (Male) |
| 16:54 | Create | Villager (Male) |
| 18:30 | Age | Castle Age |
| 18:33 | Build | Town Center |
| 19:01 | Create | Villager (Male) |
| 19:11 | Build | Town Center |
| 19:30 | Create | Villager (Male) |
| 19:44 | Build | Mill |
| 19:45 | Create | Villager (Male) |
| 20:02 | Build | Castle |
| 20:19 | Create | Villager (Male) |
| 20:19 | Create | Villager (Male) |
| 20:21 | Create | Villager (Male) |
| 20:27 | Research | Gold Mining |
| 20:27 | Research | Gold Mining |
| 20:40 | Research | Horse Collar |
| 20:40 | Research | Horse Collar |
| 20:40 | Research | Horse Collar |
| 20:50 | Create | Villager (Male) |
| 20:50 | Create | Villager (Male) |
| 21:02 | Create | Villager (Male) |
| 21:02 | Create | Villager (Male) |
| 21:02 | Create | Villager (Male) |
| 21:02 | Create | Villager (Male) |
| 21:27 | Build | Farm |
| 21:27 | Build | Farm |
| 21:28 | Build | Farm |
| 21:32 | Build | Farm |
| 21:33 | Build | Farm |
| 21:35 | Build | Farm |
| 21:36 | Create | Villager (Male) |
| 21:36 | Create | Villager (Male) |
| 21:40 | Create | Coustillier |
| 21:40 | Create | Coustillier |
| 21:40 | Create | Coustillier |
| 21:52 | Create | Villager (Male) |
| 22:09 | Create | Villager (Male) |
| 22:09 | Create | Villager (Male) |
| 22:09 | Create | Villager (Male) |
| 22:23 | Create | Coustillier |
| 22:23 | Create | Coustillier |
| 22:24 | Create | Villager (Male) |
| 22:24 | Create | Villager (Male) |
| 22:36 | Create | Villager (Male) |
| 22:36 | Create | Villager (Male) |
| 22:37 | Create | Villager (Male) |
| 22:44 | Create | Coustillier |
| 22:45 | Create | Coustillier |
| 22:45 | Create | Coustillier |
| 22:50 | Create | Villager (Male) |
| 22:50 | Create | Villager (Male) |
| 22:53 | Build | Farm |
| 22:53 | Build | Farm |
| 22:59 | Build | Monastery |
| 23:10 | Create | Villager (Male) |
| 23:10 | Create | Villager (Male) |
| 23:10 | Create | Villager (Male) |
| 23:12 | Create | Villager (Male) |
Build order — Oni.DauT
First 150 of 285 actions detected
| 1:09 | Build | Town Center |
| 2:16 | Build | Dock |
| 2:27 | Build | House |
| 2:52 | Create | Villager (Male) ×4 |
| 3:58 | Create | Fishing Ship |
| 4:23 | Build | House |
| 4:35 | Create | Villager (Male) |
| 5:02 | Research | Loom |
| 5:03 | Research | Loom |
| 5:21 | Create | Villager (Male) |
| 5:39 | Create | Villager (Male) |
| 5:39 | Create | Villager (Male) |
| 5:41 | Create | Fishing Ship |
| 6:07 | Create | Villager (Male) |
| 6:08 | Create | Villager (Male) |
| 6:14 | Build | House |
| 6:33 | Create | Villager (Male) |
| 6:33 | Create | Villager (Male) |
| 6:56 | Create | Villager (Male) |
| 6:56 | Create | Villager (Male) |
| 7:01 | Create | Fishing Ship |
| 7:09 | Create | Villager (Male) |
| 7:35 | Create | Fishing Ship |
| 7:41 | Build | House |
| 7:44 | Create | Villager (Male) |
| 8:00 | Create | Villager (Male) |
| 8:00 | Create | Villager (Male) |
| 8:34 | Build | Settlement |
| 8:39 | Create | Villager (Male) |
| 8:58 | Create | Villager (Male) |
| 9:02 | Create | Fishing Ship |
| 9:05 | Build | House |
| 9:14 | Create | Villager (Male) |
| 9:50 | Create | Villager (Male) |
| 10:07 | Create | Fishing Ship |
| 10:20 | Create | Villager (Male) |
| 10:46 | Build | Settlement |
| 10:50 | Create | Villager (Male) |
| 11:08 | Research | Feudal Age |
| 11:38 | Create | Villager (Male) |
| 11:39 | Create | Villager (Male) |
| 12:45 | Build | Settlement |
| 13:28 | Age | Feudal Age |
| 13:29 | Build | Market |
| 13:31 | Build | Blacksmith |
| 14:04 | Research | Double-Bit Axe |
| 14:04 | Research | Double-Bit Axe |
| 14:18 | Research | Castle Age |
| 14:19 | Research | Castle Age |
| 14:36 | Research | Stone Mining |
| 15:08 | Create | Spearman |
| 15:08 | Create | Spearman |
| 15:47 | Create | Villager (Male) |
| 16:58 | Age | Castle Age |
| 17:06 | Build | Castle |
| 17:13 | Create | Villager (Male) |
| 17:19 | Build | Palisade Wall |
| 17:21 | Build | Palisade Wall |
| 17:23 | Build | Palisade Wall |
| 17:24 | Build | Palisade Wall |
| 17:27 | Build | Palisade Wall |
| 17:46 | Create | Villager (Male) |
| 18:00 | Create | Villager (Male) |
| 18:32 | Create | Villager (Male) |
| 18:38 | Create | Villager (Male) |
| 18:57 | Create | Villager (Male) |
| 19:15 | Create | Villager (Male) |
| 19:35 | Create | Villager (Male) |
| 19:38 | Build | Town Center |
| 20:17 | Create | Villager (Male) |
| 20:47 | Create | Villager (Male) |
| 20:55 | Create | Villager (Male) |
| 20:55 | Create | Villager (Male) |
| 20:57 | Create | Villager (Male) |
| 21:06 | Create | Villager (Male) |
| 21:23 | Create | Villager (Male) |
| 21:30 | Build | Settlement |
| 21:32 | Create | Villager (Male) |
| 21:38 | Build | Castle |
| 21:40 | Create | Villager (Male) |
| 21:44 | Create | Villager (Male) |
| 21:56 | Create | Villager (Male) |
| 22:36 | Create | Villager (Male) |
| 22:38 | Create | Villager (Male) |
| 23:06 | Create | Villager (Male) |
| 23:11 | Create | Villager (Male) |
| 23:17 | Build | Town Center |
| 23:24 | Create | Villager (Male) |
| 23:29 | Research | Bow Saw |
| 23:29 | Research | Bow Saw |
| 23:30 | Create | Villager (Male) |
| 23:49 | Create | Villager (Male) |
| 23:54 | Create | Kona |
| 23:55 | Create | Kona |
| 23:56 | Create | Kona |
| 24:07 | Create | Villager (Male) |
| 24:13 | Build | Settlement |
| 24:22 | Create | Villager (Male) |
| 24:26 | Research | Town Watch |
| 24:29 | Create | Kona |
| 24:29 | Create | Kona |
| 24:43 | Create | Villager (Male) |
| 24:43 | Create | Villager (Male) |
| 24:57 | Create | Villager (Male) |
| 24:58 | Create | Villager (Male) |
| 25:12 | Create | Kona |
| 25:13 | Create | Kona |
| 25:18 | Create | Villager (Male) |
| 25:21 | Create | Villager (Male) |
| 25:26 | Create | Villager (Male) |
| 25:34 | Create | Villager (Male) |
| 25:36 | Create | Villager (Male) |
| 25:43 | Build | Town Center |
| 25:45 | Create | Kona |
| 25:46 | Create | Kona |
| 26:05 | Create | Kona |
| 26:07 | Create | Villager (Male) |
| 26:10 | Create | Villager (Male) |
| 26:15 | Create | Villager (Male) |
| 26:16 | Build | House |
| 26:16 | Build | House |
| 26:19 | Create | Kona |
| 26:25 | Create | Villager (Male) |
| 26:32 | Create | Kona |
| 26:34 | Create | Villager (Male) |
| 26:44 | Build | Town Center |
| 26:45 | Create | Villager (Male) |
| 26:48 | Create | Kona |
| 26:57 | Create | Kona |
| 27:01 | Create | Villager (Male) |
| 27:06 | Build | Settlement |
| 27:07 | Create | Villager (Male) |
| 27:08 | Create | Villager (Male) |
| 27:10 | Create | Villager (Male) |
| 27:11 | Create | Villager (Male) |
| 27:28 | Create | Kona |
| 27:29 | Create | Kona |
| 27:29 | Create | Villager (Male) |
| 27:36 | Create | Kona |
| 27:37 | Create | Kona |
| 27:38 | Create | Villager (Male) |
| 27:38 | Create | Villager (Male) |
| 27:49 | Create | Villager (Male) |
| 27:50 | Create | Villager (Male) |
| 28:11 | Create | Kona |
| 28:11 | Create | Kona |
| 28:15 | Create | Villager (Male) |
| 28:24 | Create | Villager (Male) |
| 28:27 | Create | Villager (Male) |
| 28:28 | Create | Villager (Male) |
Build order — Oni.Kingstone
First 150 of 241 actions detected
| 0:47 | Build | Dock |
| 1:14 | Build | Town Center |
| 1:52 | Build | House |
| 3:09 | Create | Villager (Male) |
| 3:09 | Create | Villager (Male) |
| 3:09 | Create | Villager (Male) |
| 3:10 | Create | Villager (Male) |
| 3:10 | Create | Villager (Male) |
| 3:59 | Create | Villager (Male) |
| 4:14 | Create | Fishing Ship |
| 4:41 | Build | House |
| 4:45 | Build | House |
| 5:17 | Create | Villager (Male) |
| 5:17 | Create | Villager (Male) |
| 5:46 | Create | Villager (Male) |
| 5:46 | Create | Villager (Male) |
| 5:48 | Create | Fishing Ship |
| 6:11 | Create | Villager (Male) |
| 6:11 | Create | Villager (Male) |
| 6:13 | Research | Loom |
| 6:15 | Build | House |
| 6:34 | Create | Villager (Male) |
| 6:34 | Create | Villager (Male) |
| 6:41 | Create | Fishing Ship |
| 7:03 | Create | Villager (Male) |
| 7:03 | Create | Villager (Male) |
| 7:24 | Create | Villager (Male) |
| 7:24 | Create | Villager (Male) |
| 7:41 | Build | Mill |
| 7:46 | Create | Villager (Male) |
| 7:52 | Build | House |
| 8:09 | Create | Villager (Male) |
| 8:09 | Create | Villager (Male) |
| 8:18 | Create | Fishing Ship |
| 8:18 | Create | Fishing Ship |
| 8:28 | Create | Villager (Male) |
| 8:36 | Build | House |
| 8:39 | Create | Villager (Male) |
| 8:39 | Create | Villager (Male) |
| 8:54 | Create | Villager (Male) |
| 9:11 | Create | Fishing Ship |
| 9:12 | Create | Fishing Ship |
| 9:23 | Build | House |
| 9:52 | Research | Loom |
| 10:18 | Build | Mule Cart |
| 10:26 | Research | Feudal Age |
| 10:44 | Build | Mule Cart |
| 10:52 | Build | Palisade Wall |
| 11:12 | Build | Dock |
| 11:21 | Build | Dock |
| 11:39 | Create | Villager (Male) |
| 12:23 | Build | Palisade Wall |
| 12:28 | Build | Dock |
| 12:36 | Age | Feudal Age |
| 12:37 | Create | Galley |
| 12:37 | Create | Galley |
| 12:39 | Research | Double-Bit Axe |
| 12:42 | Build | Palisade Wall |
| 12:42 | Build | Palisade Wall |
| 12:43 | Build | Palisade Wall |
| 12:46 | Build | Palisade Wall |
| 12:51 | Build | Palisade Wall |
| 12:57 | Build | House |
| 12:58 | Create | Villager (Male) |
| 13:06 | Create | Galley |
| 13:12 | Create | Villager (Male) |
| 13:24 | Create | Galley |
| 13:33 | Create | Galley |
| 13:34 | Create | Villager (Male) |
| 13:37 | Build | House |
| 13:44 | Build | House |
| 14:02 | Create | Villager (Male) |
| 14:18 | Create | Galley |
| 14:18 | Create | Galley |
| 14:28 | Build | House |
| 14:43 | Create | Villager (Male) |
| 14:49 | Build | Blacksmith |
| 14:56 | Create | Galley |
| 14:57 | Create | Villager (Male) |
| 15:24 | Create | Galley |
| 15:43 | Create | Villager (Male) |
| 15:48 | Create | Villager (Male) |
| 15:57 | Research | Fletching |
| 16:00 | Create | Galley |
| 16:07 | Create | Villager (Male) |
| 16:21 | Create | Galley |
| 16:21 | Create | Galley |
| 16:27 | Create | Villager (Male) |
| 16:43 | Create | Galley |
| 16:51 | Build | Farm |
| 17:00 | Create | Galley |
| 17:07 | Create | Villager (Male) |
| 17:07 | Create | Villager (Male) |
| 17:08 | Build | Farm |
| 17:09 | Build | Farm |
| 17:17 | Build | Watch Tower |
| 17:32 | Create | Villager (Male) |
| 17:36 | Build | Palisade Wall |
| 17:37 | Build | Palisade Wall |
| 17:38 | Build | Palisade Wall |
| 17:47 | Build | Palisade Wall |
| 17:50 | Build | Palisade Wall |
| 17:52 | Build | Palisade Wall |
| 18:17 | Build | Palisade Wall |
| 18:27 | Build | Palisade Wall |
| 19:24 | Build | Farm |
| 19:32 | Build | Farm |
| 19:32 | Build | Farm |
| 19:41 | Build | Farm |
| 19:46 | Build | Mule Cart |
| 19:48 | Build | Outpost |
| 20:07 | Build | House |
| 20:09 | Build | Palisade Wall |
| 20:12 | Build | Palisade Wall |
| 20:16 | Create | Villager (Male) |
| 20:28 | Build | Palisade Wall |
| 20:34 | Build | Farm |
| 20:46 | Create | Villager (Male) |
| 20:54 | Create | Villager (Male) |
| 20:58 | Create | Villager (Male) |
| 21:08 | Build | Farm |
| 21:11 | Create | Villager (Male) |
| 21:17 | Build | Watch Tower |
| 21:24 | Create | Villager (Male) |
| 21:32 | Create | Villager (Male) |
| 21:33 | Build | Farm |
| 21:47 | Build | Watch Tower |
| 22:14 | Build | Palisade Wall |
| 22:15 | Build | Palisade Wall |
| 22:27 | Create | Villager (Male) |
| 22:42 | Create | Fire Galley |
| 23:28 | Build | Market |
| 23:34 | Create | Villager (Male) |
| 23:49 | Build | Palisade Wall |
| 24:02 | Research | Castle Age |
| 24:02 | Research | Castle Age |
| 24:31 | Build | Mule Cart |
| 24:40 | Research | Stone Mining |
| 24:40 | Research | Stone Mining |
| 25:24 | Create | Villager (Male) |
| 26:46 | Age | Castle Age |
| 26:54 | Research | Bow Saw |
| 27:12 | Build | House |
| 27:14 | Build | Castle |
| 27:15 | Build | House |
| 27:16 | Build | House |
| 27:17 | Create | Villager (Male) |
| 27:24 | Build | House |
| 27:26 | Create | Villager (Male) |
| 27:30 | Create | Villager (Male) |
Build order — Oni.Lewis
First 150 of 179 actions detected
| 0:58 | Build | Town Center |
| 2:27 | Build | House |
| 2:35 | Create | Villager (Male) |
| 2:35 | Create | Villager (Male) |
| 2:36 | Create | Villager (Male) |
| 2:38 | Create | Villager (Male) |
| 3:06 | Build | Dock |
| 3:52 | Create | Fishing Ship |
| 4:15 | Research | Loom |
| 4:31 | Build | House |
| 4:47 | Create | Villager (Male) |
| 5:19 | Create | Villager (Male) |
| 5:21 | Create | Fishing Ship |
| 5:43 | Create | Villager (Male) |
| 6:07 | Create | Villager (Male) |
| 6:14 | Build | House |
| 6:31 | Create | Villager (Male) |
| 6:42 | Create | Fishing Ship |
| 6:59 | Create | Villager (Male) |
| 7:09 | Create | Villager (Male) |
| 7:23 | Create | Villager (Male) |
| 7:42 | Create | Villager (Male) |
| 7:43 | Create | Villager (Male) |
| 7:50 | Create | Fishing Ship |
| 7:50 | Create | Fishing Ship |
| 7:54 | Build | House |
| 8:02 | Create | Villager (Male) |
| 8:04 | Create | Fishing Ship |
| 8:20 | Create | Villager (Male) |
| 8:35 | Build | House |
| 8:51 | Create | Villager (Male) |
| 9:10 | Build | Outpost |
| 9:17 | Create | Villager (Male) |
| 9:34 | Create | Villager (Male) |
| 9:49 | Create | Villager (Male) |
| 9:57 | Build | Mill |
| 9:59 | Create | Villager (Male) |
| 9:59 | Create | Villager (Male) |
| 10:22 | Create | Villager (Male) |
| 10:36 | Research | Feudal Age |
| 10:45 | Create | Villager (Male) |
| 10:50 | Research | Feudal Age |
| 10:50 | Research | Feudal Age |
| 11:06 | Build | Mining Camp |
| 12:17 | Create | Villager (Male) |
| 12:32 | Build | Outpost |
| 13:06 | Build | Outpost |
| 13:16 | Create | Villager (Male) |
| 13:25 | Age | Feudal Age |
| 13:32 | Build | Market |
| 13:33 | Build | Blacksmith |
| 13:45 | Build | House |
| 13:59 | Create | Villager (Male) |
| 14:21 | Research | Castle Age |
| 14:21 | Research | Castle Age |
| 14:24 | Build | Outpost |
| 14:54 | Create | Villager (Male) |
| 15:24 | Build | Palisade Wall |
| 15:25 | Build | Palisade Wall |
| 15:25 | Build | Palisade Wall |
| 15:26 | Build | Palisade Wall |
| 15:27 | Build | Palisade Wall |
| 15:27 | Build | Palisade Wall |
| 15:29 | Build | Palisade Wall |
| 15:30 | Build | Palisade Wall |
| 15:31 | Build | Palisade Wall |
| 15:31 | Build | Palisade Wall |
| 15:32 | Build | Palisade Wall |
| 15:52 | Research | Horse Collar |
| 15:57 | Research | Gold Mining |
| 16:01 | Build | Lumber Camp |
| 16:31 | Create | Villager (Male) |
| 17:01 | Age | Castle Age |
| 17:24 | Build | Town Center |
| 17:25 | Create | Villager (Male) |
| 17:34 | Build | Monastery |
| 17:36 | Build | Monastery |
| 17:58 | Build | Palisade Wall |
| 17:59 | Build | Palisade Wall |
| 18:19 | Create | Monk |
| 18:19 | Create | Monk |
| 18:23 | Create | Monk |
| 18:36 | Build | Outpost |
| 18:37 | Build | Outpost |
| 18:40 | Create | Villager (Male) |
| 18:44 | Create | Villager (Male) |
| 19:01 | Create | Villager (Male) |
| 19:08 | Create | Villager (Male) |
| 19:08 | Create | Monk |
| 19:23 | Create | Monk |
| 19:24 | Create | Villager (Male) |
| 19:41 | Create | Villager (Male) |
| 19:45 | Create | Villager (Male) |
| 19:46 | Build | Outpost |
| 19:49 | Build | Outpost |
| 20:16 | Create | Monk |
| 20:18 | Create | Villager (Male) |
| 20:19 | Create | Villager (Male) |
| 20:19 | Create | Villager (Male) |
| 20:21 | Create | Villager (Male) |
| 20:25 | Build | House |
| 20:34 | Research | Sanctity |
| 20:38 | Build | House |
| 20:45 | Create | Villager (Male) |
| 20:45 | Create | Villager (Male) |
| 20:45 | Create | Villager (Male) |
| 20:58 | Create | Villager (Male) |
| 20:58 | Create | Villager (Male) |
| 21:24 | Create | Villager (Male) |
| 21:25 | Create | Villager (Male) |
| 21:31 | Create | Monk |
| 21:33 | Create | Villager (Male) |
| 21:38 | Create | Villager (Male) |
| 21:39 | Build | House |
| 21:40 | Build | House |
| 21:41 | Build | House |
| 21:49 | Research | Fervor |
| 21:49 | Research | Fervor |
| 21:50 | Create | Monk |
| 21:50 | Create | Monk |
| 21:52 | Create | Villager (Male) |
| 22:02 | Research | Town Watch |
| 22:02 | Research | Town Watch |
| 22:06 | Create | Villager (Male) |
| 22:10 | Create | Villager (Male) |
| 22:16 | Create | Villager (Male) |
| 22:22 | Create | Monk |
| 22:31 | Build | Siege Workshop |
| 22:38 | Create | Villager (Male) |
| 23:00 | Create | Mangonel |
| 23:02 | Create | Monk |
| 23:07 | Build | House |
| 23:34 | Create | Villager (Male) |
| 24:23 | Create | Villager (Male) |
| 24:33 | Build | Town Center |
| 24:36 | Create | Villager (Male) |
| 24:50 | Build | Stone Wall |
| 24:52 | Create | Villager (Male) |
| 24:57 | Create | Villager (Male) |
| 24:59 | Build | House |
| 25:00 | Build | House |
| 25:21 | Build | Farm |
| 25:22 | Build | Farm |
| 25:42 | Create | Mangonel |
| 25:42 | Create | Mangonel |
| 25:48 | Create | Villager (Male) |
| 26:09 | Research | Atonement |
| 26:09 | Research | Redemption |
| 26:12 | Research | Redemption |
| 26:30 | Build | Farm |
Build order — Oni.miguel
First 150 of 218 actions detected
| 0:42 | Build | Dock |
| 0:59 | Build | Town Center |
| 1:58 | Build | House |
| 2:41 | Create | Villager (Male) ×4 |
| 2:42 | Create | Villager (Male) ×4 |
| 3:40 | Create | Fishing Ship |
| 3:40 | Create | Fishing Ship |
| 4:11 | Build | House |
| 4:24 | Create | Villager (Male) |
| 4:24 | Create | Villager (Male) |
| 4:55 | Create | Villager (Male) |
| 4:55 | Create | Villager (Male) |
| 5:15 | Create | Fishing Ship |
| 5:15 | Create | Fishing Ship |
| 5:27 | Create | Villager (Male) |
| 5:27 | Create | Villager (Male) |
| 5:55 | Create | Villager (Male) |
| 5:57 | Build | House |
| 6:20 | Create | Villager (Male) |
| 6:21 | Create | Villager (Male) |
| 6:36 | Create | Fishing Ship |
| 6:39 | Create | Villager (Male) |
| 6:57 | Create | Villager (Male) |
| 6:58 | Create | Villager (Male) |
| 7:14 | Build | House |
| 7:16 | Create | Villager (Male) |
| 7:31 | Create | Fishing Ship |
| 7:51 | Create | Villager (Male) |
| 8:08 | Create | Villager (Male) |
| 8:24 | Build | Lumber Camp |
| 8:31 | Create | Villager (Male) |
| 9:04 | Create | Fishing Ship |
| 9:07 | Create | Villager (Male) |
| 9:16 | Build | House |
| 9:39 | Create | Villager (Male) |
| 10:08 | Research | Feudal Age |
| 10:49 | Create | Villager (Male) |
| 11:36 | Build | Barracks |
| 12:02 | Build | House |
| 12:12 | Build | Lumber Camp |
| 12:18 | Age | Feudal Age |
| 12:19 | Create | Villager (Male) |
| 12:32 | Build | Stable |
| 12:34 | Create | Spearman |
| 12:41 | Research | Loom |
| 12:41 | Research | Loom |
| 12:43 | Research | Double-Bit Axe |
| 12:59 | Create | Spearman |
| 13:10 | Create | Villager (Male) |
| 13:12 | Create | Villager (Male) |
| 13:24 | Build | Mill |
| 13:28 | Create | Scout Cavalry |
| 13:28 | Create | Scout Cavalry |
| 13:30 | Build | House |
| 13:37 | Create | Villager (Male) |
| 13:40 | Create | Spearman |
| 13:55 | Build | Palisade Wall |
| 13:59 | Create | Scout Cavalry |
| 14:10 | Build | House |
| 14:11 | Create | Villager (Male) |
| 14:15 | Build | Mining Camp |
| 14:18 | Build | Mining Camp |
| 14:33 | Create | Villager (Male) |
| 14:41 | Create | Spearman |
| 14:45 | Build | Palisade Wall |
| 14:54 | Build | House |
| 14:55 | Create | Scout Cavalry |
| 14:56 | Create | Spearman |
| 15:04 | Create | Villager (Male) |
| 15:07 | Research | Horse Collar |
| 15:08 | Research | Horse Collar |
| 15:15 | Build | Stable |
| 15:17 | Build | Palisade Wall |
| 15:18 | Build | Palisade Wall |
| 15:19 | Build | Palisade Wall |
| 15:39 | Create | Villager (Male) |
| 15:42 | Build | Farm |
| 15:43 | Build | Farm |
| 15:49 | Create | Villager (Male) |
| 16:07 | Create | Scout Cavalry |
| 16:08 | Create | Scout Cavalry |
| 16:08 | Create | Scout Cavalry |
| 16:18 | Create | Villager (Male) |
| 16:23 | Build | House |
| 16:37 | Create | Villager (Male) |
| 16:43 | Create | Spearman |
| 17:02 | Create | Spearman |
| 17:23 | Create | Villager (Male) |
| 17:27 | Create | Scout Cavalry |
| 17:31 | Create | Spearman |
| 17:43 | Create | Villager (Male) |
| 17:50 | Build | Mill |
| 17:53 | Create | Villager (Male) |
| 17:55 | Build | Farm |
| 18:02 | Create | Spearman |
| 18:17 | Create | Villager (Male) |
| 18:22 | Build | Farm |
| 18:23 | Build | Farm |
| 18:24 | Build | Farm |
| 18:31 | Create | Scout Cavalry |
| 18:55 | Create | Spearman |
| 18:57 | Create | Villager (Male) |
| 18:57 | Create | Villager (Male) |
| 18:59 | Build | Farm |
| 19:02 | Build | Farm |
| 19:13 | Create | Villager (Male) |
| 19:17 | Build | Mill |
| 19:20 | Build | Farm |
| 19:39 | Create | Villager (Male) |
| 19:43 | Build | Farm |
| 19:45 | Create | Spearman |
| 19:51 | Create | Villager (Male) |
| 19:56 | Build | Stable |
| 20:15 | Create | Scout Cavalry |
| 20:17 | Create | Scout Cavalry |
| 20:18 | Create | Spearman |
| 20:18 | Create | Spearman |
| 20:34 | Build | Farm |
| 20:35 | Build | Farm |
| 20:44 | Research | Bloodlines |
| 20:44 | Research | Bloodlines |
| 20:49 | Create | Villager (Male) |
| 20:53 | Create | Spearman |
| 20:54 | Create | Scout Cavalry |
| 20:54 | Create | Scout Cavalry |
| 21:04 | Build | Barracks |
| 21:27 | Create | Villager (Male) |
| 21:32 | Create | Scout Cavalry |
| 21:36 | Create | Spearman |
| 21:48 | Create | Scout Cavalry |
| 21:50 | Build | Stable |
| 21:54 | Create | Villager (Male) |
| 22:00 | Create | Scout Cavalry |
| 22:01 | Create | Scout Cavalry |
| 22:02 | Create | Spearman |
| 22:11 | Create | Spearman |
| 22:19 | Build | House |
| 22:27 | Create | Villager (Male) |
| 22:51 | Create | Spearman |
| 22:55 | Create | Villager (Male) |
| 23:00 | Research | Wheelbarrow |
| 23:08 | Create | Spearman |
| 23:13 | Create | Spearman |
| 23:21 | Create | Villager (Male) |
| 23:36 | Create | Spearman |
| 23:44 | Create | Spearman |
| 23:56 | Create | Scout Cavalry |
| 24:09 | Create | Villager (Male) |
| 24:11 | Build | Farm |
| 24:12 | Build | Farm |
Match timeline
| 0:42 | Oni.miguel · first_building Dock |
| 0:43 | Oni.TaToH · first_building Dock |
| 0:47 | Oni.Kingstone · first_building Dock |
| 1:02 | Oni.dogao · first_building Dock |
| 1:23 | Oni.GoKu · first_building Dock |
| 2:16 | Oni.DauT · first_building Dock |
| 3:06 | Oni.Lewis · first_building Dock |
| 3:11 | Oni.FreakinAndy · first_building Dock |
| 3:16 | Oni.FreakinAndy · wall_segment Palisade Wall x1 |
| 10:50 | Oni.TaToH · first_building Barracks |
| 10:50 | Oni.dogao · wall_segment Palisade Wall x1 |
| 10:52 | Oni.Kingstone · wall_segment Palisade Wall x1 |
| 10:59 | Oni.dogao · wall_segment Palisade Wall x1 |
| 11:00 | Oni.dogao · wall_segment Palisade Wall x5 |
| 11:36 | Oni.miguel · first_building Barracks |
| 12:03 | Oni.TaToH · age_up feudal |
| 12:04 | Oni.TaToH · first_building Stable |
| 12:08 | Oni.dogao · wall_segment Palisade Wall x1 |
| 12:12 | Oni.dogao · wall_segment Palisade Wall x4 |
| 12:18 | Oni.miguel · age_up feudal |
| 12:19 | Oni.GoKu · age_up feudal |
| 12:23 | Oni.Kingstone · wall_segment Palisade Wall x4 |
| 12:32 | Oni.miguel · first_building Stable |
| 12:35 | Oni.dogao · wall_segment Palisade Wall x5 |
| 12:36 | Oni.Kingstone · age_up feudal |
| 12:36 | Oni.dogao · wall_segment Palisade Wall x8 |
| 12:42 | Oni.Kingstone · wall_segment Palisade Wall x1 |
| 12:42 | Oni.Kingstone · wall_segment Palisade Wall x1 |
| 12:43 | Oni.Kingstone · wall_segment Palisade Wall x1 |
| 12:46 | Oni.Kingstone · wall_segment Palisade Wall x1 |
| 12:51 | Oni.Kingstone · wall_segment Palisade Wall x1 |
| 13:06 | Oni.FreakinAndy · age_up feudal |
| 13:25 | Oni.Lewis · age_up feudal |
| 13:28 | Oni.DauT · age_up feudal |
| 13:55 | Oni.miguel · wall_segment Palisade Wall x4 |
| 14:35 | Oni.dogao · age_up feudal |
| 14:39 | Oni.FreakinAndy · first_building Barracks |
| 14:45 | Oni.miguel · wall_segment Palisade Wall x1 |
| 14:55 | Oni.dogao · wall_segment Palisade Wall x1 |
| 14:55 | Oni.dogao · wall_segment Palisade Wall x1 |
| 15:02 | Oni.dogao · wall_segment Palisade Wall x1 |
| 15:02 | Oni.dogao · wall_segment Palisade Wall x1 |
| 15:05 | Oni.dogao · wall_segment Palisade Wall x1 |
| 15:17 | Oni.miguel · wall_segment Palisade Wall x1 |
| 15:18 | Oni.miguel · wall_segment Palisade Wall x1 |
| 15:19 | Oni.miguel · wall_segment Palisade Wall x1 |
| 15:24 | Oni.Lewis · wall_segment Palisade Wall x1 |
| 15:25 | Oni.Lewis · wall_segment Palisade Wall x1 |
| 15:25 | Oni.Lewis · wall_segment Palisade Wall x1 |
| 15:26 | Oni.Lewis · wall_segment Palisade Wall x1 |
| 15:27 | Oni.Lewis · wall_segment Palisade Wall x1 |
| 15:27 | Oni.Lewis · wall_segment Palisade Wall x1 |
| 15:29 | Oni.Lewis · wall_segment Palisade Wall x1 |
| 15:29 | Oni.FreakinAndy · wall_segment Stone Wall x1 |
| 15:30 | Oni.Lewis · wall_segment Palisade Wall x1 |
| 15:31 | Oni.Lewis · wall_segment Palisade Wall x1 |
| 15:31 | Oni.Lewis · wall_segment Palisade Wall x1 |
| 15:32 | Oni.Lewis · wall_segment Palisade Wall x1 |
| 15:34 | Oni.FreakinAndy · wall_segment Stone Wall x1 |
| 15:34 | Oni.dogao · wall_segment Palisade Wall x1 |
| 15:35 | Oni.dogao · wall_segment Palisade Wall x1 |
| 15:36 | Oni.dogao · wall_segment Palisade Wall x1 |
| 16:49 | Oni.FreakinAndy · age_up castle |
| 16:52 | Oni.FreakinAndy · first_building Castle |
| 16:58 | Oni.DauT · age_up castle |
| 17:01 | Oni.Lewis · age_up castle |
| 17:06 | Oni.DauT · first_building Castle |
| 17:19 | Oni.DauT · wall_segment Palisade Wall x1 |
| 17:19 | Oni.Lewis · first_market_buy 100 wood |
| 17:21 | Oni.DauT · wall_segment Palisade Wall x1 |
| 17:23 | Oni.DauT · wall_segment Palisade Wall x1 |
| 17:24 | Oni.DauT · wall_segment Palisade Wall x1 |
| 17:27 | Oni.DauT · wall_segment Palisade Wall x1 |
| 17:32 | Oni.Lewis · first_market_sell 500 food |
| 17:34 | Oni.Lewis · first_building Monastery |
| 17:36 | Oni.Kingstone · wall_segment Palisade Wall x1 |
| 17:37 | Oni.Kingstone · wall_segment Palisade Wall x1 |
| 17:38 | Oni.Kingstone · wall_segment Palisade Wall x1 |
| 17:47 | Oni.Kingstone · wall_segment Palisade Wall x1 |
| 17:50 | Oni.Kingstone · wall_segment Palisade Wall x1 |
| 17:52 | Oni.Kingstone · wall_segment Palisade Wall x1 |
| 17:58 | Oni.Lewis · wall_segment Palisade Wall x1 |
| 17:59 | Oni.Lewis · wall_segment Palisade Wall x1 |
| 18:17 | Oni.Kingstone · wall_segment Palisade Wall x6 |
| 18:27 | Oni.Kingstone · wall_segment Palisade Wall x1 |
| 18:30 | Oni.dogao · age_up castle |
| 19:14 | Oni.FreakinAndy · first_market_sell 100 stone |
| 19:20 | Oni.dogao · first_market_buy 100 stone |
| 20:00 | Oni.FreakinAndy · first_building Siege Workshop |
| 20:02 | Oni.dogao · first_building Castle |
| 20:09 | Oni.Kingstone · wall_segment Palisade Wall x1 |
| 20:12 | Oni.Kingstone · wall_segment Palisade Wall x3 |
| 20:19 | Oni.GoKu · first_market_sell 100 wood |
| 20:22 | Oni.GoKu · first_market_buy 100 food |
| 20:28 | Oni.Kingstone · wall_segment Palisade Wall x6 |
| 20:29 | Oni.TaToH · first_market_sell 100 wood |
| 20:32 | Oni.DauT · first_market_buy 100 stone |
| 20:50 | Oni.TaToH · wall_segment Palisade Wall x1 |
| 20:52 | Oni.TaToH · wall_segment Palisade Wall x2 |
| 20:54 | Oni.TaToH · wall_segment Palisade Wall x1 |
| 20:54 | Oni.TaToH · wall_segment Palisade Wall x1 |
| 22:14 | Oni.Kingstone · wall_segment Palisade Wall x1 |
| 22:15 | Oni.Kingstone · wall_segment Palisade Wall x1 |
| 22:31 | Oni.Lewis · first_building Siege Workshop |
| 22:59 | Oni.dogao · first_building Monastery |
| 23:09 | Oni.TaToH · age_up castle |
| 23:11 | Oni.GoKu · age_up castle |
| 23:36 | Oni.TaToH · first_building Monastery |
| 23:49 | Oni.Kingstone · wall_segment Palisade Wall x10 |
| 24:01 | Oni.Kingstone · first_market_buy 100 food |
| 24:43 | Oni.FreakinAndy · first_market_buy 100 food |
| 24:50 | Oni.Lewis · wall_segment Stone Wall x2 |
| 25:02 | Oni.GoKu · first_building Monastery |
| 25:10 | Oni.GoKu · wall_segment Palisade Wall x1 |
| 26:46 | Oni.Kingstone · age_up castle |
| 26:48 | Oni.FreakinAndy · first_building Monastery |
| 26:58 | Oni.dogao · first_building Barracks |
| 27:14 | Oni.Kingstone · first_building Castle |
| 27:53 | Oni.dogao · first_building Stable |
| 28:19 | Oni.Kingstone · first_building Monastery |
| 28:36 | Oni.Kingstone · first_market_sell 100 wood |
| 29:31 | Oni.miguel · age_up castle |
| 30:29 | Oni.Lewis · wall_segment Palisade Wall x1 |
| 30:31 | Oni.Lewis · wall_segment Palisade Wall x1 |
| 31:54 | Oni.GoKu · first_building Castle |
| 32:03 | Oni.TaToH · first_building Archery Range |
| 33:13 | Oni.TaToH · wall_segment Palisade Wall x1 |
| 33:15 | Oni.TaToH · wall_segment Palisade Wall x1 |
| 33:16 | Oni.TaToH · wall_segment Palisade Wall x1 |
| 33:22 | Oni.dogao · first_market_sell 500 wood |
| 33:33 | Oni.GoKu · wall_segment Palisade Wall x1 |
| 33:43 | Oni.DauT · first_market_sell 100 wood |
| 34:14 | Oni.Lewis · resign |
[ AI ANALYSIS · 1 CREDIT ]
What really happened in this match?
Wolo.gg analyzes every decision: build order, eco, micro, common mistakes by bracket. Personalized analysis on WhatsApp or Discord in 30 seconds.
Civ guide
Vietnamese
Perfil
Goku